 Dungeon Crawl Stone Soup version 0.29.1-4-g47bece8355 (webtiles) character file.

Game seed: 3861404617192753995

14 Penteweren the Firebug (level 2, -3/19 HPs)
             Began as a Demonspawn Fire Elementalist on Dec 9, 2022.
             Slain by an orc
             ... wielding a +0 flail
              (4 damage)
             ... on level 3 of the Dungeon.
             The game lasted 00:03:07 (487 turns).

Penteweren the Firebug (DsFE)                        Turns: 487, Time: 00:03:07

Health: -3/19      AC:  2    Str:  8    XL:     2   Next: 31%
Magic:  0/5        EV: 12    Int: 22    God:
Gold:   43         SH:  0    Dex: 13    Spells: 2/5 levels left

rFire   . . .      SeeInvis .   (no weapon)
rCold   . . .      Faith    .   (no shield)
rNeg    . . .      Spirit   +   a - +0 robe
rPois   .          Reflect  .   (no helmet)
rElec   .          Harm     .   (no cloak)
rCorr   .          Rampage  .   (no gloves)
Will    .....                   (no boots)
Stlth   ++........              f - amulet of guardian spirit
HPRegen 0.06/turn               d - +6 ring of intelligence
MPRegen 0.09/turn               (no ring)

@: no status effects
A: spiny 1
a: no special abilities


You were on level 3 of the Dungeon.
You visited 1 branch of the dungeon, and saw 4 of its levels.

You collected 43 gold pieces.

Inventory:

Armour
 a - a +0 robe (worn)
Jewellery
 d - a +6 ring of intelligence (left hand)
 f - an amulet of guardian spirit (around neck)


   Skills:
 * Level 0.4 Armour
 * Level 1.9 Dodging
 * Level 1.8 Stealth
 * Level 2.2 Spellcasting
 * Level 1.0 Conjurations
 * Level 3.0 Fire Magic


You had 2 spell levels left.
You knew the following spells:

 Your Spells              Type           Power      Damage    Failure   Level
a - Foxfire               Conj/Fire      44%        2x1d6     6%          1
b - Scorch                Fire           30%        2d7       6%          2

Your spell library contained the following spells:

 Spells                   Type           Power      Damage    Failure   Level
 Conjure Flame            Conj/Fire      11%        6-21      17%         3
 Inner Flame              Hex/Fire       9%         N/A       22%         3
 Flame Wave               Conj/Fire      11%        2d6       50%         4


Dungeon Overview and Level Annotations

Branches:
Dungeon (4/15)
 Temple: D:4-7

Altars:

Annotations:
D:4 Sigmund


Innate Abilities, Weirdness & Mutations

You are partially covered in sharp spines.


Message History

Press: ? - help, Dir - move target, f - orc
Aim: an orc, wielding a +0 flail and wearing a +0 leather armour (ally target) Attack!
The foxfire hits the orc but does no damage.
The orc completely misses you.
Unknown command.
It was a potion of heal wounds.
You feel much better.
An adder comes into view.
The endoplasm is struck by your spines. The endoplasm hits you.
The adder moves out of view.
The endoplasm attacks as you move away! The endoplasm hits you.
The orc attacks as you move away! The orc is struck by your spines.
The orc hits you with a +0 flail.
An orc comes into view. It is wielding a +0 club.
The orc priest suddenly grunts.
The orc priest looks braver for a moment.
The orc attacks as you move away! The orc hits you with a +0 flail.
The orc attacks as you move away! The orc closely misses you.
The orc priest looks encouraged for a moment.
The orc priest calls upon Beogh to heal the orc.
The orc's wounds heal themselves!
The orc attacks as you move away! The orc hits you with a +0 flail!
* * * LOW HITPOINT WARNING * * *
The orc priest miscasts a cantrip.
You feel much better. The orc barely misses you.
The orc attacks as you move away! The orc hits you with a +0 flail!
The orc attacks as you move away! The orc hits you with a +0 flail.
The orc attacks as you move away! The orc is struck by your spines.
The orc barely misses you.
The orc priest casts a cantrip, but nothing happens.
The orc attacks as you move away! The orc hits you with a +0 flail!
* * * LOW HITPOINT WARNING * * *
You aren't carrying any potions.
Unknown command.
As you read the scroll labelled ZUACE COSUTUIV, it crumbles to dust.
You hear a loud clanging noise!
It was a scroll of noise.
You hear a shout!
You hear an angry hiss. x2; You hear a bark!
The orc is struck by your spines. The orc hits you with a +0 flail.
You die...

##############
#............############
+............+...>......#
#............####.#####.#
#.................# #.#########
#............####.# #..........
#............####o##############.
#...............@....oJo.........
#######'#####.###)........#####..
##.# #.# #.#######.# #.. #<.# #.#
#.# #.#####.. #..# #.# #.#
#.o...... #.†# #.#
#.#######..####.# #..# #.#
.........J.# #.# #..# #.#
#.#######.#####.# #..#
#.....)..o.......


You could see an orc priest, 2 orcs and an endoplasm.

Vanquished Creatures
  An orc (D:3)
  2 endoplasms (D:1)
  2 goblins (D:3)
  3 hobgoblins
  A quokka (D:3)
  A ball python (D:1)
  A kobold (D:1)
  A rat (D:3)
12 creatures vanquished.

Vanquished Creatures (others)
  19 foxfires
  2 plants (D:3)
21 creatures vanquished.

Grand Total: 33 creatures vanquished

Notes
Turn   | Place    | Note
-------+----------+-------------------------------------------
     0 | D:1      | Penteweren the Demonspawn Fire Elementalist began the quest
                  | for the Orb.
     0 | D:1      | Reached XP level 1. HP: 13/13 MP: 3/3
   261 | D:2      | Gained mutation: You are partially covered in sharp spines.
                  | [demonic ancestry]
   261 | D:2      | Reached XP level 2. HP: 16/19 MP: 1/5
   272 | D:2      | Learned a level 2 spell: Scorch
   380 | D:4      | Noticed Sigmund
   455 | D:3      | Reached skill level 3 in Fire Magic
   487 | D:3      | Slain by an orc

Illustrated notes

Levels and vault maps discovered:
D:1:      dpeg_arrival_chambers_temple_mockup, layout_loops_ring,
          minmay_misc_feat_secret_circle, minmay_stone_trees_medium
D:2:      layout_basic, basic_altar, serial_park_tiny_1
D:3:      cheibrodos_old_hovel, layout_basic, serial_shops,
          nicolae_shop_competitors_out_of_business
D:4:      layout_rooms, okawaru_altar_gauntlet_db, mainiacjoe_overflow_alcove_1,
          mainiacjoe_overflow_two_lobes, serial_bayou_pond_e, uniq_sigmund,
          uniq_duvessa

Skill      XL: |  1  2 |
---------------+-------+-----
Fire Magic     | 3 |  3.0
Armour         | |  0.4
Dodging        | |  1.9
Stealth        | |  1.8
Spellcasting   | |  2.2
Conjurations   | |  1.0

Action                   || total
-------------------------++-------
Melee: Unarmed           ||     1
 Cast: Foxfire           ||    11
       Scorch            ||     7
  Use: Scroll            ||     2
       Potion            ||     3
Dodge: Dodged            ||    25
